 Dungeon Crawl Stone Soup version 0.31-a0-675-g238779eb0a (webtiles) character file.

Game seed: 13607921728688259982

93 Pooter the Shooter (level 4, -1/38 HPs)
             Began as a Minotaur Hunter on Sept 5, 2023.
             Slain by a goblin
             ... wielding a +0 club
             ... led by Robin
              (4 damage)
             ... on level 2 of the Dungeon.
             The game lasted 00:07:01 (1003 turns).

Pooter the Shooter (Minotaur Hunter)                Turns: 1003, Time: 00:07:01

Health: -1/38      AC:  3    Str: 15    XL:     4   Next: 37%
Magic:  3/3        EV: 12    Int:  6    God:
Gold:   88         SH:  0    Dex: 16    Spells: 3/3 levels left

rFire   . . .        a - +0 halberd
rCold   . . .        (shield currently unavailable)
rNeg    . . .        c - +0 leather armour
rPois   .            (helmet restricted)
rElec   .            (no cloak)
rCorr   .            (no gloves)
SInv    .            (no boots)
Will    .....        (no amulet)
Stlth   +            (no ring)
HPRegen 0.26/turn    (no ring)
MPRegen 0.08/turn

%: no passive effects
@: no status effects
A: horns 2, retaliatory headbutt
a: no special abilities


You were on level 2 of the Dungeon.
You visited 1 branch of the dungeon, and saw 2 of its levels.

You collected 88 gold pieces.

Inventory:

Hand Weapons
 a - a +0 halberd (weapon)
   (You found it on level 1 of the Dungeon)
 b - a +0 shortbow
 f - a +1 mace of holy wrath
   (You found it on level 1 of the Dungeon)
Missiles
 Q - 3 stones (quivered)
Armour
 c - a +0 leather armour (worn)
Scrolls
 d - a scroll of revelation {unknown}
 e - a scroll of butterflies
 g - a scroll of identify {unknown}
 h - a scroll of immolation {unknown}
 i - a scroll of fog {unknown}
Potions
 j - a potion of might {unknown}


   Skills:
 + Level 3.4 Fighting
 + Level 2.1 Polearms
 * Level 5.6 Ranged Weapons
 - Level 2.1 Dodging
 - Level 0.7 Stealth


You had 3 spell levels left.
You didn't know any spells.
Your spell library contained the following spells:

 Spells                   Type           Power      Damage    Failure   Level
 Summon Ice Beast         Ice/Summ       0%         N/A       99%         4
 Summon Mana Viper        Hex/Summ       0%         N/A       100%        5
 Monstrous Menagerie      Summ           0%         N/A       100%        7


Dungeon Overview and Level Annotations

Branches:
Dungeon (2/15) Zot: 10974

Altars:


Innate Abilities, Weirdness & Mutations

You have a pair of horns on your head.
You reflexively headbutt those who attack you in melee.


Message History

Fire: b) +0 shortbow
Press: ? - help, Q - select action, (/) - cycle Shift-Dir - straight line, f/p - Robin
Aim: Robin, wielding a +0 club, wearing a +0 animal skin and wearing a +0 helmet (moderately wounded, 70% to hit)
You shoot an arrow. The arrow barely misses Robin.
Robin says, "My army is invincible!"
A goblin comes into view. It is wielding a +0 club.
Fire: b) +0 shortbow
Press: ? - help, Q - select action, (/) - cycle Shift-Dir - straight line, f/p - Robin
Aim: Robin, wielding a +0 club, wearing a +0 animal skin and wearing a +0 helmet (moderately wounded, 70% to hit)
You shoot an arrow. The arrow hits the goblin.
a - a +0 halberd (weapon)
The goblin hits you with a +0 club.
Reach: a) +0 halberd
Press: ? - help, Dir - move target, f/p - Robin
Aim: Robin, wielding a +0 club, wearing a +0 animal skin and wearing a +0 helmet (moderately wounded, about 39% to evade your +0 halberd)
The goblin is in the way.
You hit the goblin.
You kill the goblin!
Your Polearms skill increases to level 2!
Okay, then.
You puncture Robin! Robin closely misses you.
A goblin comes into view. It is wielding a +0 dagger of venom.
Robin throws the goblin at you!
You hit Robin but do no damage. The goblin hits you with a +0 club.
You slash Robin!
You kill Robin!
The goblin hits you with a +0 club. The hobgoblin hits you.
The goblin hits you with a +0 club.
* * * LOW HITPOINT WARNING * * *
Okay, then.
You barely miss the hobgoblin. You headbutt the hobgoblin.
You kill the hobgoblin!
The goblin no longer looks unusually strong.
The goblin barely misses you.
You hit the goblin.
The goblin no longer looks unusually strong.
The goblin closely misses you. The goblin hits you with a +0 club.
* * * LOW HITPOINT WARNING * * *
You closely miss the goblin. The goblin hits you with a +0 dagger.
* * * LOW HITPOINT WARNING * * *
The goblin hits you with a +0 club.
* * * LOW HITPOINT WARNING * * *
The goblin barely misses you. The goblin hits you but does no damage.
You hit the goblin but do no damage. Your headbutt misses the goblin.
The goblin hits you with a +0 dagger.
* * * LOW HITPOINT WARNING * * *
The goblin hits you but does no damage.
You closely miss the goblin.
The goblin no longer looks unusually strong. x2
The goblin closely misses you. The goblin hits you with a +0 club.
You die...

....#....#
....#....#
. +##
#....# ..
#...## ...
####...+
....
#......#
....g
#.###...#
...ggg###.#
#....#
#gg@g.#
#......#
#######
#...##.#
##### .. .
#.


You could see 7 goblins.

Vanquished Creatures
  Jessica (D:2)
  Natasha (D:2)
  Robin (D:2)
  A worm (D:2)
  A dart slug (D:1)
  3 bats (D:1)
  3 endoplasms
  A giant cockroach (D:1)
  4 hobgoblins
  4 ball pythons
  5 frilled lizards
  2 goblins
  3 kobolds
30 creatures vanquished.

Notes
Turn   | Place    | Note
-------+----------+-------------------------------------------
     0 | D:1      | Pooter the Minotaur Hunter began the quest for the Orb.
     0 | D:1      | Reached XP level 1. HP: 18/18 MP: 0/0
   176 | D:1      | Reached XP level 2. HP: 25/25 MP: 1/1
   501 | D:1      | Reached skill level 1 in Polearms
   711 | D:2      | Reached skill level 5 in Ranged Weapons
   812 | D:2      | Noticed Natasha
   818 | D:2      | Killed Natasha
   819 | D:2      | Reached XP level 3. HP: 12/31 MP: 2/2
   896 | D:2      | Noticed Jessica
   901 | D:2      | Killed Jessica
   902 | D:2      | Reached XP level 4. HP: 38/38 MP: 3/3
   989 | D:2      | Noticed Robin
   998 | D:2      | Killed Robin
  1003 | D:2      | Slain by a goblin

Illustrated notes

Levels and vault maps discovered:
D:1:      minmay_arrival_pointy, layout_basic
D:2:      layout_basic, nicolae_hexahallways, uniq_jessica, uniq_robin,
          uniq_natasha

Skill      XL: |  1  2  3  4 |
---------------+-------------+-----
Polearms       | 1 2 |  2.1
Ranged Weapons | 5 |  5.6
Fighting       | 3 |  3.4
Dodging        | |  2.1
Stealth        | |  0.7

Action                     |  1- 3 |  4- 6 || total
---------------------------+-------+-------++-------
  Melee: Halberd           |    14 |     9 ||    23
         Headbutt          |     1 |     1 ||     2
   Fire: Shortbow          |    58 |     8 ||    66
 Armour: Leather armour    |    12 |    13 ||    25
  Dodge: Dodged            |    16 |     5 ||    21

Table legend: (Time is in decaauts)
 A = Elapsed time spent in this place.
 B = Non-inter-level travel time spent in this place.
 C = Inter-level travel time spent in this place.
 D = Time resting spent in this place.
 E = Time spent auto-exploring this place.
 F = Levels seen in this place.
 G = Mean time per level.
                   A        B        C        D        E       F      G
               +--------+--------+--------+--------+--------+-----+--------+
         Total |   1023 |   1023 |      0 |    131 |    683 |   2 |  511.5 |
       Dungeon |   1023 |   1023 |      0 |    131 |    683 |   2 |  511.5 |
               +--------+--------+--------+--------+--------+-----+--------+

Top non-repeatable levels by time:
     D:1: 607 daAuts
     D:2: 416 daAuts
